[Event "*** Titled Tuesday Blitz"]
[Site "Chess.com"]
[Date "2021.03.30"]
[Round "10"]
[White "FairChess_on_YouTube"]
[Black "Reader777"]
[Result "1-0"]
[WhiteElo "2997"]
[BlackElo "2724"]
[TimeControl "180+1"]
[EndTime "11:58:00 PDT"]
[Termination "FairChess_on_YouTube won by resignation"]

1. Nf3 Nf6 2. b3 d5 3. Bb2 e6 4. e3 Be7 5. c4 O-O 6. Nc3 b6 7.
d4 Bb7 8. Bd3 Nbd7 9. O-O c5 10.
cxd5 Nxd5 11. Rc1 Nxc3 12. Bxc3 Bf6 13. Qe2 Rc8 14. Ba6 Qc7 15. h3 Rfd8 16. Bb2 Qb8 17. Bxb7 Qxb7 18. Rfd1 cxd4 19. Rxc8 Rxc8 20. Bxd4 Bxd4 21.
Rxd4 h6 22. Qd2 Nf6 23. Ne5 Qc7 24. Rc4 Qb7 25. Qd6 Rxc4 26. bxc4 Kh7 27. Qf8 Qe4 28.
Nxf7 Qb1+ 29. Kh2 Qxa2 30. f3 Qb2 31. h4 Qc3 32. e4 a5 33. e5 Nd7 34. Qh8+ Kg6 35.
Qe8 Qd4 36. Ng5+ Kf5 37. Qxe6+ Kf4 38. Qf7+ Ke3 39. e6 Qe5+ 40. f4 Qxf4+ 41. Qxf4+ 1-0

[Event "*** Titled Tuesday Blitz"]
[Site "Chess.com"]
[Date "2021.03.30"]
[Round "10"]
[White "aunqa"]
[Black "WisdomGame"]
[Result "0-1"]
[WhiteElo "2312"]
[BlackElo "2078"]
[TimeControl "180+1"]
[EndTime "11:58:00 PDT"]
[Termination "WisdomGame won by resignation"]

1. e4 c5 2. Nf3 Nc6 3. d4 cxd4 4. Nxd4 Nf6 5. Nc3 e5 6. Ndb5 d6 7. Bg5 a6 8. Na3 b5 9. Nd5 Be7 10. Bxf6 gxf6 11. Bd3 Be6 12. c3 f5 13. Nc2 f4 14.
a4 b4 15. cxb4 Rg8 16. Kf1 Qb8 17. b5 Bxd5 18. exd5 Nd8 19. Bxh7 Rg7 20. Bd3 Qb7 21. Nb4 axb5 22. Bxb5+ Kf8 23. h4 f3 24. g3 e4 25.
Rc1 Bf6 26. Qd2 Rc8 27. Re1 Rc5 28. Rxe4 Be5 29. h5 Rh7 30. h6 f5 31. Re1 Nf7 32.
Qd3 Qc8 33. Nc6 Ng5 34. Nxe5 dxe5 35. Rxe5 Rc1+ 36. Re1 Rxe1+ 37. Kxe1 Qc1+ 38. Qd1 Re7+ 0-1

[Event "*** Titled Tuesday Blitz"]
[Site "Chess.com"]
[Date "2021.03.30"]
[Round "10"]
[White "KacperPolOK"]
[Black "northridgehawk"]
[Result "1-0"]
[WhiteElo "2441"]
[BlackElo "2301"]
[TimeControl "180+1"]
[EndTime "11:58:00 PDT"]
[Termination "KacperPolOK won by resignation"]

1. e4 e5 2. Nf3 Nc6 3. Bc4 Nf6 4. O-O Bc5 5. d4 exd4 6. e5 d5 7. exf6 dxc4 8. fxg7 Rg8 9. Bg5 Be7 10. Bxe7 Kxe7 11.
Nbd2 Kf6 12. Nxc4 Kxg7 13. Nfe5 Nxe5 14. Nxe5 Be6 15. Qh5 Qd5 16. Qg5+ Kh8 17. Qf6+ Rg7 18. f3 Kg8 19. Rae1 Qd8 20. Qxd8+ Rxd8 21. Nd3 b6 22. Kf2 c5 23. g4 Bc4 24. b3 Be6 25. Nf4 Rd6 26. Nxe6 fxe6 27. Ke2 Kf7 28. Kd3 Ke7 29. h3 Rg6 30. f4 Rh6 31. Rf3 Kd7 32. Re5 a6 33. a4 Kc6 34. Ke4 b5 35. axb5+ axb5 36. f5 exf5+ 37. Rfxf5 Rxh3 38. Rxc5+ Kd7 39. Rxb5 Re3+ 40.
Kf4 Re2 41. Rbc5 h6 42. b4 Rf2+ 43. Ke4 Rg2 44. g5 hxg5 45. Rxg5 Re2+ 46. Kd3 Re3+ 47.
Kc4 Rc3+ 48. Kb5 Re3 49. Rc4 Ree6 50. Rg7+ Kd8 51. Rg4 d3 52. cxd3 Rxd3 53. Rg8+ Kd7 54. Rgc8 Rd5+ 55. R8c5 Rxc5+ 56. Rxc5 Kd8 57. Ka5 Re1 58.
b5 Rb1 59. Ka6 Ra1+ 60. Kb7 Rb1 61. b6 Rb2 62. Ka7 Ra2+ 63. Kb8 Rb2 64. b7 Ra2 65.
Rc4 Ra5 66. Rd4+ Ke7 67. Kc7 Rc5+ 68. Kb6 Rc1 69. b8=Q Rb1+ 70. Ka7 Ra1+ 71. Kb7 Rb1+ 72. Kc8 Rc1+ 73. Qc7+ Rxc7+ 74. Kxc7 1-0

[Event "*** Titled Tuesday Blitz"]
[Site "Chess.com"]
[Date "2021.03.30"]
[Round "10"]
[White "Smile2005"]
[Black "DanielTitichoca"]
[Result "1-0"]
[WhiteElo "2440"]
[BlackElo "2291"]
[TimeControl "180+1"]
[EndTime "11:58:00 PDT"]
[Termination "Smile2005 won by checkmate"]

1. Nf3 d5 2. b3 Nf6 3. Bb2 e6 4.
e3 Be7 5. Ne5 O-O 6. Be2 Nfd7 7.
f4 Nxe5 8. Bxe5 c5 9. O-O Nc6 10.
Bb2 Bf6 11. d4 b6 12. g4 g6 13. c3 Bb7 14. Nd2 Rc8 15. Nf3 Be7 16. c4 Bf6 17. Ne5 Ne7 18. Bd3 Bg7 19. f5 exf5 20. gxf5 Nxf5 21.
Bxf5 gxf5 22. Rxf5 dxc4 23. bxc4 cxd4 24. Bxd4 Qh4 25.
Rh5 Qe4 26. Qg4 f5 27. Qxe4 Bxe4 28. Kf2 f4 29. Rg1 fxe3+ 30. Kxe3 Bg6 31. Nxg6 Bxd4+ 32. Kxd4 hxg6 33. Rxg6+ Kf7 34. Rgh6 Rfd8+ 35. Rd5 Rg8 36.
Rd7+ Ke8 37. Rxa7 Rg4+ 38. Kd3 Rgxc4 39. Rh8# 1-0

[Event "*** Titled Tuesday Blitz"]
[Site "Chess.com"]
[Date "2021.03.30"]
[Round "10"]
[White "aljado"]
[Black "katchesskat"]
[Result "1-0"]
[WhiteElo "2111"]
[BlackElo "2269"]
[TimeControl "180+1"]
[EndTime "11:58:00 PDT"]
[Termination "aljado won by checkmate"]

1. e4 c5 2. Nf3 e6 3. d4 cxd4 4. Nxd4 a6 5. c4 Nf6 6. Nc3 Qc7 7. Nc2 h5 8. Be2 g6 9. Be3 Be7 10. Qd2 d6 11. h3 Nbd7 12. O-O b6 13. Rad1 Bb7 14. f3 Rc8 15. Bf4 Ne5 16. b3 b5 17.
Ne3 b4 18. Na4 a5 19. Bh2 Bc6 20. Nb2 g5 21. c5 dxc5 22. Nbc4 Nxc4 23. Nxc4 Qa7 24.
Qxg5 Nxe4 25. Qg7 Bf6 26. Nd6+ Nxd6 27. Qxf6 c4+ 28. Kh1 Rg8 29. Rxd6 cxb3 30. Rfd1 Qa8 31. axb3 a4 32. Ba6 Bxf3 33. Bb5+ Bc6 34. Bxc6+ Qxc6 35. Rd8+ Rxd8 36. Rxd8# 1-0

[Event "*** Titled Tuesday Blitz"]
[Site "Chess.com"]
[Date "2021.03.30"]
[Round "10"]
[White "Sadykov_Ramil"]
[Black "Grieve72"]
[Result "1-0"]
[WhiteElo "2605"]
[BlackElo "2471"]
[TimeControl "180+1"]
[EndTime "11:58:01 PDT"]
[Termination "Sadykov_Ramil won by resignation"]

1. e4 c5 2. Nf3 e6 3. d4 cxd4 4. Nxd4 Nc6 5. Nc3 Qc7 6. Be3 a6 7. Qf3 Nf6 8. O-O-O h5 9. Nxc6 dxc6 10. h3 b5 11. e5 Nd5 12. Bf4 Qa5 13. Bd3 Bb7 14.
Nxd5 cxd5 15. Kb1 Rc8 16. g4 g6 17. Bg5 Qc7 18. Bf6 hxg4 19. hxg4 Rxh1 20. Qxh1 d4 21. Be4 Bxe4 22. Qxe4 Qc4 23. a3 d3 24. Qxd3 Qxd3 25. Rxd3 Be7 26. g5 Rc4 27. Rh3 Rf4 28. Rh8+ Kd7 29.
Rh7 Ke8 30. Rh8+ Kd7 31. Ra8 Rxf2 32. Ra7+ Kc6 33. Rxe7 b4 34. axb4 Kb5 35. Rxf7 Kxb4 36. Re7 a5 37. Rxe6 a4 38. Rb6+ Kc4 39. e6 Re2 40. e7 Kc5 41. Rb8 Re1+ 1-0

[Event "*** Titled Tuesday Blitz"]
[Site "Chess.com"]
[Date "2021.03.30"]
[Round "10"]
[White "Genghis_K"]
[Black "exoticprincess"]
[Result "0-1"]
[WhiteElo "2935"]
[BlackElo "2869"]
[TimeControl "180+1"]
[EndTime "11:58:03 PDT"]
[Termination "exoticprincess won on time"]

1. e4 c6 2. Nf3 d5 3. d3 Bg4 4. Nbd2 e6 5. h3 Bh5 6. Qe2 Nf6 7. g4 Bg6 8. h4 h5 9. g5 Ng4 10. Bh3 Nd7 11. b3 dxe4 12. Nxe4 Bb4+ 13. Kf1 Bxe4 14. Qxe4 Bc3 15. Rb1 Nc5 16. Qc4 Qd5 17. Bg2 Qxc4 18.
bxc4 O-O-O 19. Ba3 Nd7 20. Ke2 g6 21. Rb3 Bg7 22.
Rhb1 b6 23. Nd2 Kc7 24. Ne4 c5 25. Bb2 Bxb2 26. R1xb2 Nge5 27. Nc3 Kb8 28. a4 Rc8 29. a5 Nc6 30. Ra3 Nb4 31. Nb5 Ne5 32.
axb6 a6 33. c3 Nbxd3 34. Rxa6 Nf4+ 35. Kf1 Nxg2 36. Rba2 Ne3+ 37. fxe3 Nxc4 38. R2a4 Kb7 39. Nc7 Nxb6 40. Ra7+ Kc6 0-1

[Event "*** Titled Tuesday Blitz"]
[Site "Chess.com"]
[Date "2021.03.30"]
[Round "10"]
[White "Sjakkerntobi"]
[Black "Escanor89"]
[Result "0-1"]
[WhiteElo "2409"]
[BlackElo "2571"]
[TimeControl "180+1"]
[EndTime "11:58:03 PDT"]
[Termination "Escanor89 won by resignation"]

1. e4 c5 2. Nf3 d6 3. d4 cxd4 4.
Qxd4 Nc6 5. Bb5 Bd7 6. Bxc6 Bxc6 7. Nc3 Nf6 8. Bg5 e6 9. O-O-O Be7 10. Qd3 Qa5 11. h4 O-O 12. Nd4 Rfc8 13. f4 Be8 14. Nb3 Qc7 15. f5 Qc4 16. Qf3 b5 17.
Rd4 Qc7 18. Rd2 b4 19. Ne2 a5 20. Nbd4 e5 21. Nb3 a4 22. Na1 Qc4 23. Kb1 Nxe4 24.
Rd3 Bxg5 25. hxg5 Nxg5 26. Qe3 h6 27. f6 Qc5 28. Qg3 Bb5 29. Rd2 b3 30. fxg7 bxa2+ 31. Kc1 Kxg7 32. Nc3 Qb4 33. Rh4 Rc4 34. Rxc4 Qxc4 35.
Rxd6 Qf4+ 36. Qxf4 exf4 37. Nxb5 Re8 38. Rd2 Re1+ 39. Rd1 Re2 40. Nc3 Rxg2 41. Nxa2 f3 42. Nc3 f2 43. Ne4 Nxe4 0-1

[Event "*** Titled Tuesday Blitz"]
[Site "Chess.com"]
[Date "2021.03.30"]
[Round "10"]
[White "suneebaker"]
[Black "MergenKakabaev"]
[Result "1/2-1/2"]
[WhiteElo "2166"]
[BlackElo "2379"]
[TimeControl "180+1"]
[EndTime "11:58:03 PDT"]
[Termination "Game drawn by repetition"]

1. Nf3 d5 2. g3 Bg4 3. Bg2 c6 4.
d3 e6 5. Nbd2 Bd6 6. O-O Nd7 7.
e4 f5 8. exf5 exf5 9. h3 Bh5 10.
Qe2+ Qe7 11. Qxe7+ Nxe7 12. Re1 O-O 13. Nd4 Rae8 14.
N2b3 Bg6 15. Bg5 Nc8 16. Ne6 Rf7 17. Bf4 Bxf4 18. Nxf4 Rfe7 19. Kf1 Nd6 20. Rxe7 Rxe7 21.
Re1 Rxe1+ 22. Kxe1 Bf7 23. h4 g6 24. Kd2 Kg7 25. Na5 h6 26. b4 g5 27. hxg5 hxg5 28. Ne2 Kf6 29. Nd4 f4 30. gxf4 gxf4 31. Bh3 Ne5 32.
a4 a6 33. Nab3 b6 34. a5 bxa5 35. Nxa5 Be8 36. c3 Nb5 37. Nxb5 axb5 38. Nb3 Nf3+ 39. Kd1 Bg6 40. Nc5 Ke5 41. Bd7 Kd6 42. Bg4 Ne5 43.
Be2 Bf5 44. Kd2 Bc8 45. Bh5 Bf5 46. Ke2 Bh3 47. Kd2 Bg2 48. Ke2 Nd7 49. Nxd7 Kxd7 50. Bf3 Bh3 51. d4 Ke6 52. Bh5 Bg2 53. Be8 Kd6 54.
Bh5 Be4 55. Bf3 Bf5 56. Bh5 Be4 57. Bf3 Bc2 58. Bh5 Be4 1/2-1/2

[Event "*** Titled Tuesday Blitz"]
[Site "Chess.com"]
[Date "2021.03.30"]
[Round "10"]
[White "Carnivoras"]
[Black "kekic76"]
[Result "1-0"]
[WhiteElo "2573"]
[BlackElo "2375"]
[TimeControl "180+1"]
[EndTime "11:58:04 PDT"]
[Termination "Carnivoras won by resignation"]

1. d4 d6 2. c4 e5 3. Nc3 Nc6 4. d5 Nce7 5. e4 f5 6. Bd3 g6 7. h4 Nf6 8. h5 f4 9. hxg6 Nxg6 10. Bd2 Bg7 11. Qc2 Ng4 12. Nh3 Nh4 13. O-O-O Bd7 14. g3 fxg3 15. fxg3 Nf3 16. Kb1 Qe7 17.
Rc1 Nxd2+ 18. Qxd2 Bh6 19. Qe2 Bxc1 20. Rxc1 O-O 21.
Rh1 Rf7 22. Qd2 Rg7 23. Nf2 Nxf2 24. Qxf2 Rf8 25. Qxa7 Rxg3 26. Be2 Bc8 27. a4 Rg2 28. a5 Rff2 29. Qb8 Rf8 30. Re1 Qg7 31. Bf1 Rg1 32.
Rc1 Rgxf1 33. Rxf1 Rxf1+ 34. Ka2 Rf8 35. Nb5 Bd7 36.
Qxb7 Bxb5 37. cxb5 c5 38. dxc6 h5 39. a6 h4 40. a7 Rf7 41. a8=Q+ Kh7 42. Qaa7 h3 43.
Qxf7 1-0

[Event "*** Titled Tuesday Blitz"]
[Site "Chess.com"]
[Date "2021.03.30"]
[Round "10"]
[White "HrvojeZagreb"]
[Black "dosto07"]
[Result "0-1"]
[WhiteElo "2238"]
[BlackElo "2415"]
[TimeControl "180+1"]
[EndTime "11:58:04 PDT"]
[Termination "dosto07 won by resignation"]

1. d4 d5 2. Bf4 Nf6 3. e3 c5 4. Nc3 Bg4 5. f3 Bf5 6. Nb5 Na6 7. g4 Bd7 8. c3 e6 9. a4 Be7 10. Nd6+ Bxd6 11. Bxd6 cxd4 12. exd4 Qb6 13. Ba3 Rc8 14.
Bd3 Qa5 15. Ne2 Bxa4 16. Qd2 Bb5 17. O-O Bxd3 18. Qxd3 Qc7 19. h3 Ng8 20. f4 Ne7 21. f5 O-O 22. f6 gxf6 23. Rxf6 Ng6 24. Bxf8 Rxf8 25. Raf1 Nb8 26. Qg3 Qxg3+ 27. Nxg3 Nd7 28.
R6f2 e5 29. dxe5 Ndxe5 30. Rf5 Rc8 31. h4 Re8 32. h5 Nh4 33. Kh1 Nxf5 34. Nxf5 Nc4 35.
Nh6+ Kg7 36. Nxf7 Rf8 37. h6+ Kg8 38. b3 Rxf7 39. Rxf7 Kxf7 40. bxc4 dxc4 41. Kg2 a5 42. Kf3 a4 43. Kf4 a3 44. Kf5 a2 45. g5 a1=Q 46.
g6+ hxg6+ 47. Kg5 Qxc3 0-1

[Event "*** Titled Tuesday Blitz"]
[Site "Chess.com"]
[Date "2021.03.30"]
[Round "10"]
[White "mr65"]
[Black "thechesscorner64"]
[Result "0-1"]
[WhiteElo "2101"]
[BlackElo "2330"]
[TimeControl "180+1"]
[EndTime "11:58:07 PDT"]
[Termination "thechesscorner64 won on time"]

1. e4 c5 2. d4 cxd4 3. c3 Nf6 4. e5 Nd5 5. Bc4 Nb6 6. Bb3 Nc6 7.
Nf3 g6 8. cxd4 Bg7 9. O-O O-O 10.
h3 d6 11. exd6 Qxd6 12. Be3 Bf5 13. Nc3 Na5 14. Bc2 Bxc2 15. Qxc2 Rac8 16. Rad1 Nac4 17. Qc1 Nd5 18. Nxd5 Qxd5 19. Qb1 Rfd8 20. b3 Na3 21. Qd3 b5 22. Rc1 e6 23. Rxc8 Rxc8 24. Rc1 Rxc1+ 25. Bxc1 b4 26. Bxa3 bxa3 27. Qc4 Qe4 28. Qc1 Bf8 29. Kf1 a5 30. Kg1 h5 31. Kf1 Qd3+ 32.
Kg1 Bb4 33. Qh6 Bf8 34. Qd2 Qb1+ 35. Kh2 Bd6+ 36. g3 Qb2 37. Kg2 Kf8 38. Qxa5 Qxa2 39. Qd8+ Kg7 40. Qxd6 Qxb3 41. Qe5+ Kg8 42. Ng5 a2 43. Qf6 Qb7+ 44. d5 exd5 45. Kh2 Qa7 46. Qd8+ Kg7 47. Qxd5 a1=Q 48. Ne4 Q1d4 49. Qxd4+ Qxd4 50. f3 Qb2+ 51. Kg1 f5 0-1

[Event "*** Titled Tuesday Blitz"]
[Site "Chess.com"]
[Date "2021.03.30"]
[Round "10"]
[White "Djager97"]
[Black "Pikachess999"]
[Result "1-0"]
[WhiteElo "2486"]
[BlackElo "2357"]
[TimeControl "180+1"]
[EndTime "11:58:08 PDT"]
[Termination "Djager97 won by checkmate"]

1. e4 e6 2. d4 d5 3. Nc3 Nf6 4. e5 Nfd7 5. Nce2 c5 6. c3 Nc6 7. Nf3 Ke7 8. Nf4 f6 9. Bd3 fxe5 10. dxe5 Ndxe5 11. Nxe5 Nxe5 12. Ng6+ Kd6 13. Nxh8 Nxd3+ 14. Qxd3 Qh4 15. Nf7+ Kc7 16. g3 Qf6 17. Bf4+ Kb6 18. Nd6 e5 19. Nxc8+ Rxc8 20. Be3 e4 21. Qd2 Qf3 22.
O-O Rd8 23. b4 Kc6 24. bxc5 h5 25. Rfb1 h4 26. Qb2 b6 27. Qb5+ Kb7 28. cxb6 a6 29. Qf1 hxg3 30. hxg3 Bd6 31. Qh3 a5 32. Rd1 Be5 33.
Rac1 Qf6 34. Rc2 g5 35. Qh7+ Qg7 36. Qxg7+ Bxg7 37. Rcd2 Kc6 38. c4 d4 39. Bxd4 Bxd4 40. Rxd4 Re8 41. Rd6+ Kc5 42. b7 Rb8 43. Rd7 Kxc4 44.
Rc1+ Kb5 45. Rc8 Rxb7 46. Rxb7+ Ka6 47. Rb3 e3 48. Ra8# 1-0

[Event "*** Titled Tuesday Blitz"]
[Site "Chess.com"]
[Date "2021.03.30"]
[Round "10"]
[White "vinniethepooh"]
[Black "mishanick"]
[Result "0-1"]
[WhiteElo "2672"]
[BlackElo "2943"]
[TimeControl "180+1"]
[EndTime "11:58:09 PDT"]
[Termination "mishanick won by resignation"]

1. d4 Nf6 2. c4 e6 3. Nc3 Bb4 4. e3 O-O 5. Bd3 c5 6. Nf3 cxd4 7. exd4 b6 8. O-O Bb7 9. Na4 Re8 10. a3 Bf8 11.
Nc3 d6 12. Bf4 Nbd7 13. Re1 a6 14. h3 Rc8 15. Rc1 h6 16. Bh2 Bc6 17. Nd2 Bb7 18.
Nde4 e5 19. d5 Nxe4 20. Bxe4 Rxc4 21. Bb1 g6 22. Qb3 Rd4 23. Rcd1 Rxd1 24. Qxd1 f5 25.
g4 e4 26. gxf5 gxf5 27. Kh1 Qh4 28. Rg1+ Kh8 29. Qd4+ Ne5 30. Ne2 Qxh3 31. Nf4 Qf3+ 32.
Rg2 Bg7 33. Kg1 Rc8 34. Qd2 Qg4 35. Rxg4 Nf3+ 36. Kg2 Nxd2 37. Rg6 Nxb1 38. Nh5 Bxb2 39. Kh3 e3 40. fxe3 Bxd5 41. Bxd6 Bf7 42. Rxh6+ Kg8 43. Bf4 Rc1 44. Nf6+ Bxf6 45. Rxf6 Nc3 46. Rxb6 Ne2 47. Rxa6 Rh1+ 48. Kg2 Bd5+ 49. Kf2 Nc3 50. Rd6 Ne4+ 51. Ke2 Nxd6 52. Bxd6 Ra1 53. Kd3 Ra2 54. Kd4 Be4 55. Ke5 Kf7 56. Kf4 Ke8 57. Bb4 Kd7 58. Ke5 Kc6 59.
Kd4 Kb5 60. Ke5 Kc4 61. Kf4 Kd3 62. Bc5 Rf2+ 63. Ke5 Rc2 64. Kd6 Rc4 65. Bb6 Rc6+ 0-1

[Event "*** Titled Tuesday Blitz"]
[Site "Chess.com"]
[Date "2021.03.30"]
[Round "10"]
[White "Danny_Billiards"]
[Black "moro182"]
[Result "0-1"]
[WhiteElo "2573"]
[BlackElo "2729"]
[TimeControl "180+1"]
[EndTime "11:58:09 PDT"]
[Termination "moro182 won by resignation"]

1. e4 g6 2. d4 Bg7 3. Nf3 d6 4. Bc4 Nf6 5. Qe2 O-O 6. e5 dxe5 7. dxe5 Nd5 8. h3 Nb6 9. Bb3 Na6 10. O-O Nc5 11. Nc3 Nxb3 12. axb3 Bf5 13. Be3 Qc8 14. Rfd1 Rd8 15. Bc5 Rxd1+ 16. Rxd1 Qe8 17. Nd4 Rd8 18.
Nxf5 gxf5 19. f4 e6 20. Kh2 Bh6 21. g3 Nc8 22. Nb5 Rd7 23. Rd3 a6 24. Nc3 Bf8 25. Bxf8 Kxf8 26. Qh5 Rxd3 27. cxd3 Qc6 28. d4 Qb6 29.
Qxh7 Ne7 30. Qh6+ Ke8 31. Qh8+ Kd7 32. d5 Qf2+ 33. Kh1 Qxb2 34. dxe6+ fxe6 35. Na4 Qb1+ 36. Kh2 Qc2+ 37. Kh1 b5 38. Qa8 bxa4 39. Qxa6 axb3 40. Qb5+ Qc6+ 0-1

[Event "*** Titled Tuesday Blitz"]
[Site "Chess.com"]
[Date "2021.03.30"]
[Round "10"]
[White "elohunter1999"]
[Black "Taktikmonster"]
[Result "0-1"]
[WhiteElo "2530"]
[BlackElo "2402"]
[TimeControl "180+1"]
[EndTime "11:58:10 PDT"]
[Termination "Taktikmonster won on time"]

1. d4 Nf6 2. c4 e6 3. Nf3 Bb4+ 4. Nbd2 O-O 5. a3 Bxd2+ 6. Qxd2 b6 7. e3 Bb7 8. b4 Ne4 9. Qc2 d6 10. Bd3 f5 11. Bb2 Nd7 12. O-O Ng5 13. Nxg5 Qxg5 14. f4 Qe7 15. d5 Rae8 16. Rae1 g6 17. e4 Qf7 18. dxe6 Rxe6 19. exf5 gxf5 20. Qc3 Qg6 21.
g3 Be4 22. Bxe4 Rxe4 23. Rxe4 fxe4 24. Qd4 Nf6 25. Kf2 Ng4+ 26. Ke2 Nxh2 27. Qd5+ Rf7 28. Qd4 Rf8 29. Rh1 Qg4+ 30. Ke3 Qxg3+ 31. Ke2 Qg2+ 32. Kd1 Qxh1+ 33. Kc2 Qg2+ 34. Kb3 Qg6 35. f5 Rxf5 36.
Qh8+ Kf7 37. Qd8 Qe6 38. Qxc7+ Qe7 39. Qc8 Rf3+ 0-1

[Event "*** Titled Tuesday Blitz"]
[Site "Chess.com"]
[Date "2021.03.30"]
[Round "10"]
[White "rugbyclub"]
[Black "Sueetin"]
[Result "0-1"]
[WhiteElo "2270"]
[BlackElo "2432"]
[TimeControl "180+1"]
[EndTime "11:58:10 PDT"]
[Termination "Sueetin won on time"]

1. d4 Nf6 2. Nf3 e6 3. Bf4 c5 4.
e3 cxd4 5. exd4 b6 6. Nbd2 Bb7 7.
Bd3 Be7 8. O-O O-O 9. Qe2 d6 10. c4 Nc6 11. Rfe1 Re8 12. a3 Rc8 13. b4 Bf8 14. Bg5 h6 15. Bh4 Be7 16. h3 Nb8 17.
Rac1 Nbd7 18. Bg3 Nf8 19. Nb1 Qd7 20. Nc3 Qd8 21. Nb5 a6 22. Nc3 Qc7 23. Rb1 Qb8 24. a4 Qa8 25. Rec1 N8d7 26. b5 a5 27. Nd1 Bf8 28. Ne3 g6 29. Ne1 e5 30. d5 Nc5 31.
Bc2 Bg7 32. Nd3 Nfd7 33. f3 Rf8 34. Nf2 f5 35. Bh2 Rce8 36. Qd2 Qd8 37. g4 e4 38. gxf5 gxf5 39. fxe4 f4 40. Neg4 Ne5 41. Kh1 Kh8 42. Nxe5 Bxe5 43. Ng4 Qh4 0-1

[Event "*** Titled Tuesday Blitz"]
[Site "Chess.com"]
[Date "2021.03.30"]
[Round "10"]
[White "oogee"]
[Black "morte-negra"]
[Result "1-0"]
[WhiteElo "2384"]
[BlackElo "1935"]
[TimeControl "180+1"]
[EndTime "11:58:10 PDT"]
[Termination "oogee won on time"]

1. d4 Nf6 2. c4 c5 3. d5 e6 4. Nc3 exd5 5. cxd5 d6 6. Nf3 g6 7. Nd2 Na6 8. e4 Nc7 9. a4 b6 10. Bb5+ Bd7 11. O-O Bg7 12. Nc4 O-O 13. Nxd6 a6 14. Bxd7 Qxd7 15. Nc4 Rab8 16. Ne5 Qd6 17.
Nc6 Rbe8 18. e5 Rxe5 19. Bf4 Nfxd5 20. Bxe5 Bxe5 21. Nxe5 Qxe5 22. Re1 Nxc3 23. Rxe5 Nxd1 24. Rxd1 Re8 25. Rxe8+ Nxe8 26. Rd8 Kf8 27. Rb8 b5 28. axb5 axb5 29. Rxb5 c4 30. Rd5 Ke7 31. Kf1 Ke6 32. Rd4 Nd6 33. Ke2 Ke5 34. Rh4 h5 35. Rh3 Kd4 36.
Rh4+ Ke5 37. f3 f5 38. Kd2 f4 39. Kc3 Kf5 40. g3 fxg3 41. hxg3 Ke5 42. g4 hxg4 43. Rxg4 Kf5 44. Rd4 Nb5+ 45. Kxc4 Nxd4 46. Kxd4 Kf4 47. b4 Kxf3 48. b5 g5 49. b6 g4 50. b7 g3 51.
b8=Q g2 52. Qh2 Kf2 53. Qf4+ Ke1 54. Qg3+ Kf1 55. Qf3+ Kg1 56. Ke3 Kh2 57. Qh5+ Kg3 58. Qg5+ Kh2 59. Qh4+ Kg1 60. Kf3 1-0

[Event "*** Titled Tuesday Blitz"]
[Site "Chess.com"]
[Date "2021.03.30"]
[Round "10"]
[White "Romadk"]
[Black "woodhy"]
[Result "1-0"]
[WhiteElo "2322"]
[BlackElo "2429"]
[TimeControl "180+1"]
[EndTime "11:58:11 PDT"]
[Termination "Romadk won by resignation"]

1. d4 Nf6 2. Nf3 b6 3. g3 Bb7 4.
Bg2 e6 5. O-O Be7 6. c4 O-O 7.
Nc3 Ne4 8. Qc2 f5 9. Ne5 Nd6 10. Bxb7 Nxb7 11. e4 fxe4 12. Qxe4 Qc8 13. Qg4 Bf6 14. Ne4 Bxe5 15. dxe5 Qe8 16. Nf6+ Rxf6 17. exf6 g6 18. h4 Qf7 19. Bg5 Nd6 20. h5 gxh5 21. Qf3 Nc6 22. Kg2 Nxc4 23. Rh1 N4e5 24. Qxh5 Qxh5 25. Rxh5 Rf8 26. Rah1 Rf7 27. Bf4 d6 28. Rc1 a5 29. Rg5+ Kf8 30. Rg7 Rxf6 31. Rxh7 Rf7 32.
Rxf7+ Kxf7 33. Bxe5 Nxe5 34. Rxc7+ Kf6 35. Rb7 Nc4 36. b3 Na3 37. Rxb6 d5 38. b4 a4 39. Ra6 d4 40. Rxa4 Nb5 41. Ra5 d3 42. Kf3 Nd4+ 43. Ke3 Nc2+ 44. Kxd3 Nxb4+ 45. Ke2 Nc6 46. Ra8 Nd4+ 47.
Ke3 Nb5 48. a4 Nc7 49. Ra7 Nd5+ 50. Kf3 Nc3 51. a5 Nb5 52. Ra8 Nd4+ 53. Kg2 Nc6 54. a6 Ke7 55. a7 Kd7 56. Rh8 Nxa7 57. Rh7+ Kd6 1-0

[Event "*** Titled Tuesday Blitz"]
[Site "Chess.com"]
[Date "2021.03.30"]
[Round "10"]
[White "tteshan"]
[Black "BlackWidow515"]
[Result "1/2-1/2"]
[WhiteElo "2323"]
[BlackElo "2202"]
[TimeControl "180+1"]
[EndTime "11:58:12 PDT"]
[Termination "Game drawn - insufficient material"]

1. e4 e5 2. Nf3 Nc6 3. d4 exd4 4.
Nxd4 Bc5 5. Nb3 Bb6 6. Nc3 a5 7. a4 Nge7 8. Bc4 O-O 9. O-O Kh8 10. Nd5 d6 11. Nxb6 cxb6 12. Bf4 Ne5 13. Be2 Be6 14. Nd4 N7g6 15. Bg3 Bc4 16. f4 Bxe2 17. Qxe2 Nc6 18.
Nf5 Qf6 19. c3 Rfe8 20. Rad1 Qxf5 21. exf5 Rxe2 22. fxg6 hxg6 23. Rxd6 Rae8 24. b4 axb4 25. cxb4 Nxb4 26. Rxb6 Nd3 27. Rxb7 Ra2 28. Rxf7 Rxa4 29.
f5 g5 30. f6 gxf6 31. R7xf6 Ra2 32. Rf8+ Rxf8 33. Rxf8+ Kg7 34. Rf1 Kg6 35. Bd6 Rd2 36. Be7 Re2 37. Bd6 Rd2 38. Bb8 Rb2 39. Ba7 Nf4 40. Bf2 Kh5 41. h3 Rc2 42. Kh2 g4 43. Kg3 Ne2+ 44. Kh2 Nf4 45. hxg4+ Kxg4 46. g3 Nd3 47.
Kg2 Ra2 48. Kg1 Kh3 49. g4 Kxg4 50. Be3 Kg3 51. Rd1 Ne5 52. Bf2+ Kh3 53. Re1 Nf3+ 54. Kf1 Nxe1 55. Kxe1 Kg4 56. Bb6 Kf3 57. Kd1 Ke4 58.
Kc1 Kd3 59. Kb1 Rg2 60. Ba5 Rh2 61. Bc7 Kc3 62. Bxh2 1/2-1/2

[Event "*** Titled Tuesday Blitz"]
[Site "Chess.com"]
[Date "2021.03.30"]
[Round "10"]
[White "catzapto"]
[Black "Zipa5"]
[Result "1-0"]
[WhiteElo "2175"]
[BlackElo "1920"]
[TimeControl "180+1"]
[EndTime "11:58:12 PDT"]
[Termination "catzapto won on time"]

1. e4 e6 2. d4 d5 3. Nd2 Nf6 4. e5 Nfd7 5. Bd3 c5 6. c3 Nc6 7. Ne2 Qb6 8. Nf3 f6 9. exf6 Nxf6 10. O-O Bd6 11. Re1 O-O 12. Bf4 Bxf4 13. Nxf4 cxd4 14.
cxd4 Ne4 15. Bxe4 Rxf4 16. Bc2 Nxd4 17. Nxd4 Qxd4 18. Qh5 Bd7 19. Bxh7+ Kf8 20. Bg6 Qxf2+ 21. Kh1 Qh4 22. Qxh4 Rxh4 23. Rf1+ Kg8 24. Rf7 Be8 25. g3 Rh6 26. Rxb7 Bxg6 27. Re1 Be4+ 28. Kg1 Rf8 29. b4 Rhf6 30. Rxa7 Rf2 31. Rxe4 dxe4 32. b5 e3 33. Re7 e2 34. Rxe6 Rf1+ 35. Kg2 e1=Q 36. Rxe1 Rxe1 37. a4 Re2+ 38. Kh3 Ra8 39. b6 Ra2 40. g4 R8xa4 41. Kh4 Rc4 42. h3 1-0

[Event "*** Titled Tuesday Blitz"]
[Site "Chess.com"]
[Date "2021.03.30"]
[Round "10"]
[White "zala02"]
[Black "Pantata007"]
[Result "0-1"]
[WhiteElo "2139"]
[BlackElo "2351"]
[TimeControl "180+1"]
[EndTime "11:58:13 PDT"]
[Termination "Pantata007 won by checkmate"]

1. e4 e5 2. Nf3 Nc6 3. Bc4 Bc5 4. c3 Nf6 5. d3 O-O 6. O-O d6 7. Re1 a5 8. Nbd2 Be6 9. Bb3 Bxb3 10.
Qxb3 Qd7 11. Nc4 h6 12. Be3 Bxe3 13. Nxe3 b6 14. Rad1 a4 15. Qc2 Qe6 16. Nf5 Qxa2 17. Qd2 Kh7 18. Ra1 Qe6 19. Re3 d5 20. Ng5+ hxg5 21. Rh3+ Kg6 22. Nxg7 Qg4 23. f3 Qf4 24. Nf5 Rh8 25. Rxh8 Rxh8 26. Qf2 Qxh2+ 27. Kf1 Qh1+ 28. Qg1 Qxg1+ 29. Kxg1 dxe4 30. dxe4 b5 31. Kf2 Rd8 32.
Ke3 Rd7 33. Rh1 Ng8 34. Rh8 Nce7 35. Nxe7+ Nxe7 36. Rb8 c6 37. Rb6 Rc7 38. Kd3 Nc8 39. Ra6 Kf6 40. c4 bxc4+ 41. Kxc4 Ke6 42. Kc5 Kd7 43. Rxa4 Rb7 44. b4 Nd6 45. Ra6 Rb5# 0-1

[Event "*** Titled Tuesday Blitz"]
[Site "Chess.com"]
[Date "2021.03.30"]
[Round "10"]
[White "chessmachine14"]
[Black "skeyman"]
[Result "1/2-1/2"]
[WhiteElo "2310"]
[BlackElo "2230"]
[TimeControl "180+1"]
[EndTime "11:58:16 PDT"]
[Termination "Game drawn by repetition"]

1. e4 c5 2. Nf3 e6 3. d4 cxd4 4. Nxd4 a6 5. c4 Qc7 6. Nc3 Nf6 7. Be2 Nc6 8. O-O h5 9. Bg5 Ne5 10. Rc1 Neg4 11. g3 Be7 12. h3 Ne5 13. f4 Nc6 14.
Nd5 exd5 15. cxd5 Qb6 16. dxc6 bxc6 17. Kh2 Qxb2 18. Nf5 Bd8 19. Rc2 Qa3 20. Nxg7+ Kf8 21. Rf3 Qa4 22. Rc4 Qxd1 23. Bxd1 Ng4+ 24. Kg1 Kxg7 25.
hxg4 hxg4 26. Rd3 Bxg5 27. fxg5 d5 28. exd5 cxd5 29. Rc7 Be6 30. Re3 Rhe8 31. Bc2 Rac8 32. Rec3 Rxc7 33. Rxc7 Rc8 34. Rxc8 Bxc8 35. Kf2 f6 36.
gxf6+ Kxf6 37. Ke3 Ke5 38. Bd3 a5 39. a3 Bf5 40. Ba6 d4+ 41. Kd2 Be4 42. Be2 Bf3 43.
Ba6 Be4 44. Be2 Bf5 45. Ba6 Kd5 46. Be2 Kc5 47. Ba6 Be6 48. Be2 Bf5 49. Ba6 Kb6 50. Be2 Kc5 1/2-1/2